 Dungeon Sprint DCSS version 0.32-a0-42-ga30500b4d3 (webtiles) character file.

Game seed: 2417354228894511229

39681 rocky1 the Fencer (level 14, -1/115 HPs)
             Began as a Merfolk Alchemist on Jan 29, 2024.
             Was the Champion of Cheibriados.
             Constricted to death by a naga warrior (4 damage)
             ... in the Dungeon (Sprint VII: "The Pits").
             The game lasted 00:18:04 (4922 turns).

rocky1 the Fencer (Merfolk Alchemist)               Turns: 4922, Time: 00:18:05

Health: -1/115     AC: 11    Str: 32    XL:     14   Next: 7%
Magic:  11/29      EV: 27    Int: 35    God:    Cheibriados [******]
Gold:   52         SH:  0    Dex: 29    Spells: 23/35 levels left

rFire   . . .        t - +7 lajatang of Order {silver, rMut}
rCold   + . .        (shield currently unavailable)
rNeg    . . .        n - +3 ring mail
rPois   .            (no helmet)
rElec   .            (no cloak)
rCorr   .            (no gloves)
SInv    .            u - +0 pair of boots
Will    ++...        A - amulet of magic regeneration
Stlth   +++++        C - ring "Qaoss" {rC+ Will+ Str+6 Int+3 Stlth-}
HPRegen 0.39/turn    q - +3 ring of evasion
MPRegen 0.61/turn

%: no teleportation, resist mutation
@: mighty, lethally poisoned (-1 -> -3), constricted, studying Long Blades, very
slow
A: (nimble swimmer 2), mertail
a: Renounce Religion, Bend Time, Temporal Distortion, Slouch, Step From Time


You were in the Dungeon.
You worshipped Cheibriados.
Cheibriados was exalted by your worship.
You visited 1 branch You collected 52 gold pieces.

Inventory:

Hand Weapons
 t - the +7 lajatang of Order (weapon) {silver, rMut}
   (You found it in the Dungeon)

   rMut:      It protects you from mutation.
 v - a +2 scimitar of holy wrath
 D - the +8 flail "Iluhel" {holy, Dex+5}
   (You found it in the Dungeon)

   Dex+5:     It affects your dexterity (+5).
 G - the +6 quarterstaff of Juklunul {flame, rC+ Will+ Int+2}
   (You took it off a spriggan rider in the Dungeon)

   Int+2:     It affects your intelligence (+2).
   rC+:       It protects you from cold.
   Will+:     It increases your willpower.
Missiles
 e - 5 javelins
 g - a throwing net
 h - 7 curare-tipped darts
Armour
 a - a +2 robe of willpower
 n - a +3 ring mail (worn)
 u - a +0 pair of boots (worn)
Magical Staves
 b - the staff of Biustak {rElec rC++ rN+ Dex-3 Air}
   (You took it off a deep elf pyromancer in the Dungeon)

   [staff of air]

   Base accuracy: +5 Base damage: 5 Base attack delay: 1.2 This weapon's minimum
   attack delay (0.6) is reached at skill level 12.
   Dex-3:     It affects your dexterity (-3).
   rC++:      It greatly protects you from cold.
   rElec:     It insulates you from electricity.
   rN+:       It protects you from negative energy.
   Air:       It increases the power of your Air spells.
   It falls into the 'Staves' category.
   It is a one-handed weapon.
 E - a staff of cold
 F - a staff of earth
 H - a staff of death
Jewellery
 q - a +3 ring of evasion (right hand)
 A - an amulet of magic regeneration (around neck)
 C - the ring "Qaoss" (left hand) {rC+ Will+ Str+6 Int+3 Stlth-}
   (You found it in the Dungeon)

   [ring of strength]

   Str+6:     It affects your strength (+6).
   Int+3:     It affects your intelligence (+3).
   rC+:       It protects you from cold.
   Will+:     It increases your willpower.
   Stlth-:    It makes you less stealthy.
Wands
 p - a wand of paralysis (4)
Scrolls
 j - 2 scrolls of vulnerability
 k - 6 scrolls of amnesia
 l - a scroll of butterflies
 m - a scroll of fog
 o - 3 scrolls of enchant weapon
 w - 4 scrolls of enchant armour
 y - a scroll of fear
Potions
 c - 9 potions of curing
 d - 11 potions of heal wounds
 f - 5 potions of berserk rage
 i - 2 potions of invisibility
 r - 2 potions of might
 s - a potion of mutation
 x - 2 potions of brilliance
 B - a potion of attraction


   Skills:
 - Level 12.0 Fighting
 + Level 15.6 Long Blades
 + Level 9.0 Staves
 + Level 9.3 Armour
 + Level 15.6 Dodging
 + Level 14.4 Stealth
 + Level 11.0 Spellcasting
 + Level 10.0 Conjurations
 + Level 4.9 Fire Magic
 + Level 9.7 Air Magic
 + Level 15.5 Alchemy
 - Level 12.0 Invocations


You had 23 spell levels left.
You knew the following spells:

 Your Spells              Type           Power      Damage    Failure   Level
a - Sting                 Conj/Alch      100%       1d9       0%          1
b - Mephitic Cloud        Conj/Alch/Air  80%        N/A       1%          3
c - Olgreb's Toxic Radia  Alch           91%        N/A       1%          4
d - Sticky Flame          Fire/Alch      74%        2d12      1%          4

Your spell library contained the following spells:

 Spells                   Type           Power      Damage    Failure   Level
 Mercury Vapours          Alch/Air       100%       N/A       1%          2
 Haunt                    Necr/Summ      9%         N/A       100%        7
 Borgnjor's Revivificati  Necr           9%         N/A       100%        8
 Death's Door             Necr           9%         N/A       100%        9


Dungeon Overview and Level Annotations

Branches:
Dungeon (1/1)

Altars:
Ashenzari
Cheibriados
Dithmenos
Elyvilon
Fedhas
Gozag
Hepliaklqana
Kikubaaqudgha
Makhleb
Nemelex Xobeh
Okawaru
Qazlal
Ru
Sif Muna
Trog
Uskayaw
Vehumet
Wu Jian
Xom
Yredelemnul
Zin
The Shining One
Jiyva
Lugonu


Innate Abilities, Weirdness & Mutations

((You are very nimble when in or above water. (Stealth+, EV+, Speed+++)))
Your lower body shifts to a powerful aquatic tail in water.


Message History

Unknown command.
Okay, then.
You slice the naga warrior!!
The naga warrior is almost dead.
You feel sick. The naga warrior completely misses you.
The naga warrior constricts you.
You closely miss the naga warrior.
The naga warrior is almost dead.
You feel sick. The naga warrior completely misses you.
The naga warrior constricts you.
Unknown command.
You slice the naga warrior!!
You kill the naga warrior!
Cheibriados appreciates the change of pace.
You feel sick. The orc knight completely misses you.
The naga warrior hits you with a +0 scimitar!
The naga warrior grabs you. The naga warrior constricts you.
Your Conjurations skill increases to level 10!
The naga warrior blocks your attack.
The naga warrior is lightly wounded.
The orc warlord hits you with a +3 long sword of protection!!!
* * * LOW HITPOINT WARNING * * *
The orc knight barely misses you.
The naga warrior hits you with a +0 scimitar!!
* * * LOW HITPOINT WARNING * * *
The naga warrior constricts you.
* * * LOW HITPOINT WARNING * * *
Blink to where?
Press: ? - help, Dir - move target The naga warrior's grasp on you weakens, but your attempt to escape fails.
As you read the scroll of blinking, it crumbles to dust.
You feel sick.
The orc knight no longer looks unusually strong.
The orc knight roars a battlecry!
The orc knight goes into a battle-frenzy!
The orc warlord hits you with a +3 long sword of protection.
* * * LOW HITPOINT WARNING * * *
The naga warrior hits you but does no damage.
The naga warrior constricts you.
You die...

..# ..# ..# ..+ ..+ ''#
''###############################
.................................
................@................
..##############oN##############.
..#


Noo.. #. ..# .No..††# #. ..# ###))#### #. ..# .)). #. ..# .... #. ..# ..... #.
[.# #. You could see an orc warlord (strong, very poisoned), a naga warrior
(strong), 3 orc knights, a naga ritualist (strong) and a naga (strong).

Vanquished Creatures
  A sphinx (D)
  A death cob (D)
  A balrug (D)
  A ghost moth (D)
  An orc warlord (D)
  A deep elf demonologist (D)
  A minotaur (D)
  A merfolk impaler (D)
  A blizzard demon (D)
  A great orb of eyes (D)
  Erolcha (D)
  A hydra (D)
  A centaur warrior (D)
  An ogre mage (D)
  A merfolk aquamancer (D)
  An anaconda (D)
  5 two-headed ogres (D)
  A naga warrior (D)
  2 death yaks (D)
  A vampire mage (D)
  Sonja (D)
  A shadow wraith (D)
  A sea snake (D)
  A swamp dragon (D)
  5 harpies (D)
  A lindwurm (D)
  5 orc knights (D)
  2 phantasmal warriors (D)
  3 deep elf zephyrmancers (D)
  2 deep elf pyromancers (D)
  A manticore (D)
  8 elephants (D)
  A guardian serpent (D)
  Joseph (D)
  An orange demon (D)
  2 komodo dragons (D)
  An unseen horror (D)
  2 kobold demonologists (D)
  An efreet (D)
  A red devil (D)
  A hornet (D)
  2 merfolk (D)
  2 tarantellas (D)
  A polar bear (D)
  A glass eye (D)
  Prince Ribbit (D)
  5 blink frogs (D)
  5 dream sheep (D)
  2 snapping turtles (D)
  A vampire (D)
  3 water elementals (D)
  2 spriggans (D)
  An air elemental (D)
  A jumping spider (D)
  A ynoxinul (D)
  3 redbacks (D)
  Edmund (D)
  An orc warrior (D)
  A sky beast (D)
  A black bear (D)
  A laughing skull (D)
  A crocodile (D)
  2 ogres (D)
  9 wolves (D)
  A small abomination (D)
  A weeping skull (D)
  A necrophage (D)
  An earth elemental (D)
  A gnoll sergeant (D)
  A scorpion (D)
  6 killer bees (D)
  2 jellies (D)
  A hound (D)
  An orc priest (D)
  5 gnolls (D)
  An adder (D)
  2 river rats (D)
  2 ufetubi (D)
  A dart slug (D)
  4 orcs (D)
  A ball python (D)
  A bat skeleton (D)
  A giant cockroach (D)
  A hobgoblin (D)
  A ball python simulacrum (D)
  2 frilled lizards (D)
  A kobold (D)
  3 rats (D)
157 creatures vanquished.

Vanquished Creatures (others)
  A bat (D)
1 creature vanquished.

Grand Total: 158 creatures vanquished

Notes
Turn   | Place    | Note
-------+----------+-------------------------------------------
     0 | D        | rocky1 the Merfolk Alchemist began the quest for the Orb.
     0 | D        | Reached XP level 1. HP: 13/13 MP: 3/3
    64 | D        | Found a bloodstained altar of Trog.
    64 | D        | Found a shimmering blue altar of Sif Muna.
    64 | D        | Found a viscous altar of Jiyva.
    64 | D        | Found a hazy altar of Hepliaklqana.
    64 | D        | Found an opulent altar of Gozag.
    65 | D        | Found a glowing golden altar of the Shining One.
    65 | D        | Found a glowing silver altar of Zin.
    65 | D        | Found a basalt altar of Yredelemnul.
    65 | D        | Found a shimmering altar of Xom.
    65 | D        | Found an ornate altar of the Wu Jian Council.
    65 | D        | Found a sacrificial altar of Ru.
    65 | D        | Found a stormy altar of Qazlal.
    65 | D        | Found an iron altar of Okawaru.
    65 | D        | Found a sparkling altar of Nemelex Xobeh.
    65 | D        | Found a burning altar of Makhleb.
    65 | D        | Found a blossoming altar of Fedhas.
    65 | D        | Found a white marble altar of Elyvilon.
    65 | D        | Found a shadowy altar of Dithmenos.
    65 | D        | Found a snail-covered altar of Cheibriados.
    69 | D        | Found a corrupted altar of Lugonu.
    69 | D        | Found a radiant altar of Vehumet.
    70 | D        | Found a broken altar of Ashenzari.
    70 | D        | Found an ancient bone altar of Kikubaaqudgha.
    70 | D        | Found a hide-covered altar of Uskayaw.
    76 | D        | Became a worshipper of Cheibriados the Contemplative
    96 | D        | Reached * piety under Cheibriados
    97 | D        | Reached skill level 1 in Conjurations
   130 | D        | Reached skill level 1 in Fighting
   130 | D        | Reached skill level 1 in Long Blades
   130 | D        | Reached skill level 1 in Invocations
   130 | D        | Reached XP level 2. HP: 21/21 MP: 3/5
   253 | D        | Reached ** piety under Cheibriados
   260 | D        | Reached skill level 1 in Armour
   268 | D        | Reached *** piety under Cheibriados
   269 | D        | Reached skill level 5 in Alchemy
   269 | D        | Reached XP level 3. HP: 15/27 MP: 4/7
   381 | D        | Learned a level 3 spell: Mephitic Cloud
   385 | D        | Noticed a weeping skull
   385 | D        | Noticed an orc warrior
   386 | D        | Noticed a sky beast
   390 | D        | Reached **** piety under Cheibriados
   395 | D        | Killed a sky beast
   396 | D        | Reached skill level 1 in Air Magic
   396 | D        | Reached XP level 4. HP: 34/35 MP: 8/8
   396 | D        | Reached XP level 5. HP: 40/41 MP: 9/9
   398 | D        | Killed an orc warrior
   398 | D        | Reached ***** piety under Cheibriados
   399 | D        | Reached skill level 5 in Dodging
   406 | D        | Killed a weeping skull
   407 | D        | Reached skill level 5 in Long Blades
   407 | D        | Reached XP level 6. HP: 23/49 MP: 11/11
   609 | D        | Noticed a deep elf zephyrmancer
   619 | D        | Killed a deep elf zephyrmancer
   620 | D        | Reached skill level 5 in Stealth
   620 | D        | Reached XP level 7. HP: 29/59 MP: 3/13
   926 | D        | Noticed Prince Ribbit
   930 | D        | Killed Prince Ribbit
   931 | D        | Reached XP level 8. HP: 67/67 MP: 7/15
  1185 | D        | Noticed a komodo dragon
  1185 | D        | Noticed a snapping turtle
  1197 | D        | Learned a level 4 spell: Olgreb's Toxic Radiance
  1207 | D        | Killed a komodo dragon
  1218 | D        | Killed a snapping turtle
  1219 | D        | Reached skill level 5 in Spellcasting
  1224 | D        | Found the +7 lajatang of Order {silver, rMut}
  1407 | D        | Reached ****** piety under Cheibriados
  1408 | D        | Reached skill level 1 in Staves
  1499 | D        | Noticed a tarantella
  1499 | D        | Noticed a phantasmal warrior
  1502 | D        | Killed a tarantella
  1503 | D        | Reached XP level 9. HP: 47/75 MP: 11/17
  1505 | D        | Killed a phantasmal warrior
  1624 | D        | Noticed a kobold demonologist
  1630 | D        | Noticed a hellwing
  1631 | D        | Killed a kobold demonologist
  1806 | D        | Noticed Sonja
  1806 | D        | Noticed Erolcha
  1811 | D        | Killed Sonja
  1812 | D        | Reached skill level 5 in Conjurations
  1812 | D        | Reached XP level 10. HP: 65/85 MP: 1/19
  1812 | D        | Killed Erolcha
  1813 | D        | Reached skill level 10 in Fighting
  1813 | D        | Reached skill level 10 in Long Blades
  1813 | D        | Reached skill level 5 in Armour
  1813 | D        | Reached skill level 10 in Invocations
  2116 | D        | Noticed Edmund
  2116 | D        | Noticed a lindwurm
  2119 | D        | Killed Edmund
  2122 | D        | Killed a lindwurm
  2123 | D        | Reached skill level 5 in Air Magic
  2185 | D        | Noticed a deep elf zephyrmancer
  2190 | D        | Killed a deep elf zephyrmancer
  2191 | D        | Reached skill level 10 in Alchemy
  2409 | D        | Noticed a guardian serpent
  2409 | D        | Noticed an anaconda
  2412 | D        | Reached skill level 10 in Dodging
  2414 | D        | Killed an anaconda
  2418 | D        | Killed a guardian serpent
  2419 | D        | Reached XP level 11. HP: 40/93 MP: 6/21
  2434 | D        | Killed a shadow wraith
  2683 | D        | Noticed a centaur warrior
  2684 | D        | Noticed a deep elf pyromancer
  2684 | D        | Noticed a two-headed ogre
  2685 | D        | Noticed a two-headed ogre
  2685 | D        | Noticed a two-headed ogre
  2685 | D        | Noticed a two-headed ogre
  2687 | D        | Killed a centaur warrior
  2687 | D        | Killed a deep elf pyromancer
  2687 | D        | Noticed a two-headed ogre
  2687 | D        | Noticed an ogre mage
  2688 | D        | Reached skill level 5 in Staves
  2688 | D        | Reached skill level 10 in Stealth
  2689 | D        | Killed a two-headed ogre
  2689 | D        | Noticed a manticore
  2691 | D        | Killed a two-headed ogre
  2691 | D        | Killed a two-headed ogre
  2691 | D        | Killed a two-headed ogre
  2692 | D        | Reached XP level 12. HP: 69/102 MP: 4/24
  2694 | D        | Killed a two-headed ogre
  2696 | D        | Killed an ogre mage
  2817 | D        | Got the ring "Qaoss" {rC+ Will+ Str+6 Int+3 Stlth-}
  2824 | D        | Got the +8 flail "Iluhel" {holy, Dex+5}
  2848 | D        | Learned a level 4 spell: Sticky Flame
  2899 | D        | Noticed Joseph
  2914 | D        | Killed Joseph
  3012 | D        | Noticed a minotaur
  3020 | D        | Killed a minotaur
  4001 | D        | Noticed a merfolk impaler
  4001 | D        | Noticed a deep elf demonologist
  4001 | D        | Noticed a blizzard demon
  4001 | D        | Noticed a vampire mage
  4002 | D        | Paralysed by an air elemental for 1 turns
  4005 | D        | Reached skill level 1 in Fire Magic
  4005 | D        | Killed a deep elf demonologist
  4005 | D        | Killed a vampire mage
  4006 | D        | Killed a blizzard demon
  4007 | D        | Reached XP level 13. HP: 86/108 MP: 4/26
  4008 | D        | Killed a merfolk impaler
  4181 | D        | Noticed a balrug
  4186 | D        | Killed a balrug
  4187 | D        | Reached skill level 10 in Spellcasting
  4196 | D        | Noticed a death cob
  4197 | D        | Killed a death cob
  4205 | D        | Killed a ghost moth
  4223 | D        | Identified the staff of Biustak {rElec rC++ rN+ Dex-3 Air}
  4223 | D        | Noticed a sphinx
  4224 | D        | Noticed a great orb of eyes
  4229 | D        | Killed a sphinx
  4230 | D        | Killed a great orb of eyes
  4231 | D        | Reached skill level 15 in Dodging
  4232 | D        | Reached skill level 15 in Alchemy
  4338 | D        | Identified the +6 quarterstaff of Juklunul {flame, rC+
                  | Will+ Int+2}
  4362 | D        | Reached skill level 15 in Long Blades
  4909 | D        | Noticed an orc warlord
  4909 | D        | Noticed an orc warlord
  4917 | D        | Killed an orc warlord
  4918 | D        | Reached XP level 14. HP: 89/115 MP: 9/29
  4921 | D        | Reached skill level 10 in Conjurations
  4921 | D        | HP: 5/115 [constriction (3)]
  4922 | D        | Constricted to death by a naga warrior

Illustrated notes

Levels and vault maps discovered:
D:        pitsprint [storerooms_1, entrance_room_1, metal_vault_2, armoury_2,
          mini_pit_1, grid_room_1, main_hall_1, silver_pit, the_coven_1,
          the_vestibule_1, steel_vault_4, golden_pit, hallway_of_sentries,
          crystal_vault_4, iron_vault_3, final_vault]

Skill      XL: |  1  2  3  4  5  6  7  8  9 10 11 12 13 14 |
---------------+-------------------------------------------+-----
Conjurations   | 1 2 3 4 5 7 8 9 10 | 10.0
Dodging        | 3 4 5 6 7 8 9 10 12 13 15 | 15.6
Fighting       | 1 2 3 4 6 7 8 9 11 12 | 12.0
Long Blades    | 1 2 3 5 7 9 10 12 13 15 | 15.6
Invocations    | 1 2 3 4 6 7 8 9 11 12 | 12.0
Armour         | 1 2 3 4 5 6 8 9 |  9.3
Stealth        | 3 4 5 6 7 8 9 11 12 14 | 14.4
Alchemy        | 5 6 7 8 9 10 11 13 15 | 15.5
Spellcasting   | 3 4 5 6 8 9 11 | 11.0
Air Magic      | 1 2 3 4 5 6 8 9 |  9.7
Staves         | 1 2 4 5 7 9 |  9.0
Fire Magic     | 1 4 |  4.9

Action                     |  1- 3 |  4- 6 |  7- 9 | 10-12 | 13-15 || total
---------------------------+-------+-------+-------+-------+-------++-------
  Melee: Falchion          |    16 |       |       |       |       ||    16
         Long sword        |     6 |    14 |     2 |       |       ||    22
         Punch             |     1 |       |       |       |       ||     1
         Tailslap          |       |     2 |       |       |     1 ||     3
         Lajatang          |       |       |     6 |    61 |    41 ||   108
   Cast: Sting             |     6 |     4 |    11 |     3 |     2 ||    26
         Olgreb's Toxic Ra |       |       |     8 |    12 |     7 ||    27
         Mephitic Cloud    |       |       |     1 |       |       ||     1
 Invoke: Slouch            |       |     1 |     8 |    14 |    15 ||    38
    Use: Potion            |     1 |     1 |     1 |     2 |     8 ||    13
         Scroll            |       |       |       |     1 |     1 ||     2
   Stab: Sleeping          |     1 |     1 |       |       |       ||     2
 Armour: Robe              |    11 |       |       |       |       ||    11
         Ring mail         |     4 |     8 |     9 |    63 |    32 ||   116
         Skin              |       |       |       |       |    11 ||    11
  Dodge: Dodged            |    27 |     7 |    21 |   123 |    98 ||   276

Table legend: (Time is in decaauts)
 A = Elapsed time spent in this place.
 B = Non-inter-level travel time spent in this place.
 C = Inter-level travel time spent in this place.
 D = Time resting spent in this place.
 E = Time spent auto-exploring this place.
 F = Levels seen in this place.
 G = Mean time per level.
                   A        B        C        D        E       F      G
               +--------+--------+--------+--------+--------+-----+--------+
         Total |   5649 |   5541 |    108 |   3689 |      0 |   1 | 5649.0 |
       Dungeon |   5649 |   5541 |    108 |   3689 |      0 |   1 | 5649.0 |
               +--------+--------+--------+--------+--------+-----+--------+

Top non-repeatable levels by time:
       D: 5649 daAuts
